 Dungeon Crawl Stone Soup version 0.26.0-10-g1f06aea511 (webtiles) character file.

Game seed: 13427388991212755074

15071 vatarom the Basher (level 12, -1/177 HPs)
             Began as an Ogre Hunter on Jan 17, 2021.
             Was a Priest of Hepliaklqana.
             Slain by a black mamba (15 damage)
             ... on level 1 of the Lair of Beasts.
             The game lasted 00:22:48 (14005 turns).

vatarom the Basher (Ogre Hunter)                   Turns: 14005, Time: 00:22:49

Health: -1/177     AC: 11    Str: 19    XL:     12   Next: 23%
Magic:  19/19      EV: 11    Int: 12    God:    Hepliaklqana [***...]
Gold:   812        SH:  0    Dex: 15    Spells: 11/11 levels left

rFire    + . .     SeeInvis .   b - +0 giant club (flame)
rCold    . . .     Faith    .   (shield currently unavailable)
rNeg     + . .     Spirit   .   F - +1 robe of the Poles {rN+ Dex+2}
rPois    .         Reflect  .   (helmet restricted)
rElec    .         Harm     .   l - +2 cloak
rCorr    .         Rampage  .   (gloves unavailable)
Will     +....                  (boots unavailable)
Stlth    ..........             (no amulet)
HPRegen  0.39/turn              p - +4 ring of protection
MPRegen  0.16/turn              f - ring of protection from fire

@: berserking, lethally poisoned (-1 -> -19), studying 2 skills, very quick
A: large, unfitting armour, reduced essence, tough skin 1
a: Renounce Religion, Recall Ancestor, Ancestor Identity, Transference


You were on level 1 of the Lair of Beasts.
You worshipped Hepliaklqana.
Hepliaklqana was most pleased with you.
You visited 3 branches of the dungeon, and saw 15 of its levels.
You also visited: Volcano.

You collected 812 gold pieces.

Inventory:

Hand Weapons
 b - a +0 giant club of flaming (weapon)
 n - a +1 flail of protection
 s - a +1 spear of venom
 y - a +1 giant spiked club
Missiles
 c - 4 large rocks
 d - 2 throwing nets {!f}
 k - 4 curare-tipped darts
 C - 25 poisoned darts (quivered)
 G - 6 datura-tipped darts
Armour
 l - a +2 cloak (worn)
 w - +1 pearl dragon scales
 F - the +1 robe of the Poles (worn) {rN+ Dex+2}
   (You found it on level 8 of the Dungeon)

   It affects your dexterity (+2).
   It protects you from negative energy.
Jewellery
 f - a ring of protection from fire (right hand)
 p - a +4 ring of protection (left hand)
 r - an uncursed ring of flight
 u - an uncursed ring of fire
Wands
 m - a wand of flame (46)
 o - a wand of digging (2) {@v1}
 E - a wand of paralysis (17)
 L - a wand of iceblast (8) {@v4}
Scrolls
 e - 2 scrolls of noise
 g - 2 scrolls of amnesia
 i - 3 scrolls of enchant armour
 j - 6 scrolls of remove curse {@r2}
 B - 2 scrolls of random uselessness
 D - 2 scrolls of blinking {@r4}
 J - a scroll of fog
Potions
 q - 3 potions of flight
 z - a potion of invisibility
 A - a potion of attraction
 H - 2 potions of brilliance {@q6}
 K - 2 potions of resistance {unknown}
 M - a potion of magic {unknown}
Books
 h - a manual of Maces & Flails
 x - a manual of Staves
Miscellaneous
 t - a tin of tremorstones (2/2)


   Skills:
 + Level 11.8 Fighting
 * Level 13.0 Maces & Flails
 - Level 4.2 Throwing
 + Level 6.2 Armour
 - Level 3.5 Dodging
 - Level 0.6 Stealth
 - Level 9.5 Invocations


You had 11 spell levels left.
You didn't know any spells.
Your spell library contained the following spells:

 Spells                   Type           Power        Failure   Level
 Shock                    Conj/Air       0%           32%         1
 Sting                    Tmut/Pois      0%           32%         1
 Corpse Rot               Necr/Air       N/A          45%         2
 Mephitic Cloud           Conj/Pois/Air  0%           69%         3
 Olgreb's Toxic Radiance  Pois           0%           97%         4
 Silence                  Hex/Air        0%           100%        5


Dungeon Overview and Level Annotations

Branches:
Dungeon (12/15)            Temple (1/1) D:5            Lair (2/6) D:8
    Orc (0/2) D:9         Volcano (visited)
  Swamp: Lair:2-4    Shoals: Lair:2-4     Snake: Lair:2-4    Spider: Lair:2-4

Altars:
Ashenzari
Cheibriados
Dithmenos
Elyvilon
Fedhas
Gozag
Hepliaklqana
Kikubaaqudgha
Makhleb
Nemelex Xobeh
Okawaru
Qazlal
Ru
Sif Muna
Trog
Uskayaw
Vehumet
Wu Jian
Xom
Yredelemnul
Zin
The Shining One

Shops:
D:5 [   D:10 [


Innate Abilities, Weirdness & Mutations

You are too large for most types of armour.
You have tough skin. (AC +1)
Your life essence is reduced to manifest your ancestor. (-10% HP)


Message History

Okay, then.
Okay, then.
A red film seems to cover your vision as you go berserk!
You feel yourself moving faster!
You feel mighty!
You feel sick. The black mamba bites you!
* * * LOW HITPOINT WARNING * * *
Mr.
Johnson hits the polar bear with a +0 quarterstaff!!
You miss the black mamba.
The black mamba is lightly wounded.
* * * LOW HITPOINT WARNING * * *
You feel sick.
The black mamba bites you but does no damage.
Mr.
Johnson gestures at the black mamba while chanting.
The puff of frost hits the polar bear.
The polar bear resists.
The black mamba closely misses you.
You sock the black mamba! You burn the black mamba.
The black mamba is moderately wounded.
* * * LOW HITPOINT WARNING * * *
You feel sick. The black mamba bites you!
You die...

..... #...###..# #.
...... #.[## #..###.
...... ###..# #...##P
......#####.#..## #...###
...............P###......
....h...R................
..?.....h................
...##..#S######.#........
. ####@# ####.......
###.### ###.......
.#.#.....#####P#.......
........................
.......##.##..####..###.
..###.. ###...# #..P##. .
#.. ##..# #..#### #..
#..# #..# # #.. #..# #..#
#


You could see the friendly Mr. Johnson the battlemage, a polar bear and a black
mamba.

Vanquished Creatures
  4 two-headed ogres
  A hell knight (Volcano)
  Pikel (D:5)
  A wizard (D:10)
  Joseph (D:7)
  A cane toad (Lair:1)
  A troll (D:10)
  Grinder (D:4)
  3 yaks
  A wyvern (D:10)
  Sigmund (D:2)
  A basilisk (D:11)
  Menkaure (D:5)
  2 sky beasts
  An eye of draining (D:8)
  An ice beast (D:7)
  2 phantoms
  3 ogres
  5 centaurs
  4 wolves (Lair:1)
  A bullfrog (D:6)
  A big kobold (D:9)
  A gnoll sergeant (D:9)
  2 scorpions (D:10)
  4 wights
  A howler monkey (D:11)
  2 bullfrog zombies
  2 hounds
  3 bullfrog skeletons
  2 centaur skeletons
  2 orc priests
  2 orc wizards
  Crazy Yiuf (D:3)
  Jessica (D:2)
  Ijyb (D:3)
  An iguana (D:5)
  3 worker ants
  Natasha (D:3)
  A hound skeleton (D:8)
  A howler monkey skeleton (D:6)
  A worker ant zombie (D:10)
  Robin (D:3)
  4 gnolls (D:9)
  5 adders
  3 shadow imps
  A white imp (D:6)
  An ufetubus (D:6)
  4 oozes
  An adder skeleton (D:6)
  2 worms
  2 dart slugs (D:2)
  2 leopard geckos
  22 orcs
  4 ball pythons
  3 bats
  6 giant cockroaches
  16 hobgoblins
  10 jackals
  10 kobolds
  4 quokkas
  10 frilled lizards
  14 goblins
  A jackal skeleton (D:3)
  2 quokka skeletons
  6 rats
204 creatures vanquished.

Vanquished Creatures (collateral kills)
  An ogre mage (Volcano)
  2 two-headed ogres (Volcano)
  A cane toad (Lair:1)
  6 yaks
  Eustachio (D:6)
  2 wyverns
  Edmund (D:5)
  3 water moccasins
  A sky beast (D:6)
  2 orc warriors
  2 ice beasts
  A black bear (D:9)
  An eye of draining (D:10)
  2 ogres
  A wolf (Lair:1)
  2 centaurs
  A bullfrog (Lair:1)
  A scorpion (D:6)
  2 bullfrog zombies
  A hound (D:10)
  3 orc priests
  3 orc wizards
  2 worker ants
  A killer bee zombie (D:10)
  A hound zombie (D:10)
  A gnoll (D:9)
  2 adders
  A shadow imp (D:6)
  17 orcs
  A giant cockroach (D:5)
  4 jackals
  A kobold (D:9)
  A leopard gecko skeleton (D:7)
72 creatures vanquished.

Vanquished Creatures (others)
  A two-headed ogre (Volcano)
  An orc wizard (D:8)
  3 battlemagi
  4 plants (D:10)
9 creatures vanquished.

Grand Total: 285 creatures vanquished

Notes
Turn   | Place    | Note
-------+----------+-------------------------------------------
     0 | D:1      | vatarom the Ogre Hunter began the quest for the Orb.
     0 | D:1      | Reached XP level 1. HP: 22/22 MP: 1/1
    32 | D:1      | Reached XP level 2. HP: 31/31 MP: 2/2
   537 | D:1      | Reached XP level 3. HP: 37/37 MP: 3/3
   642 | D:1      | Reached skill level 1 in Maces & Flails
  1198 | D:2      | Reached XP level 4. HP: 45/48 MP: 4/4
  1269 | D:2      | Noticed Jessica
  1278 | D:2      | Killed Jessica
  1279 | D:2      | Reached skill level 2 in Maces & Flails
  1320 | D:2      | Noticed Sigmund
  1335 | D:2      | Killed Sigmund
  1336 | D:2      | Reached skill level 3 in Maces & Flails
  1336 | D:2      | Reached XP level 5. HP: 42/55 MP: 5/5
  1336 | D:2      | Reached XP level 6. HP: 50/65 MP: 6/6
  1800 | D:3      | Found a runed translucent door.
  1801 | D:3      | Noticed Crazy Yiuf
  1880 | D:3      | Reached skill level 5 in Fighting
  2121 | D:3      | Noticed Ijyb
  2130 | D:3      | Killed Ijyb
  2423 | D:3      | Noticed Robin
  2427 | D:3      | Noticed Natasha
  2451 | D:3      | Killed Natasha
  2461 | D:3      | Killed Robin
  2717 | D:3      | Reached skill level 4 in Maces & Flails
  2717 | D:3      | Reached XP level 7. HP: 9/72 MP: 7/7
  3100 | D:3      | Killed Crazy Yiuf
  3439 | D:4      | Noticed a yak
  3459 | D:4      | Killed a yak
  3460 | D:4      | Reached skill level 1 in Armour
  3721 | D:4      | Noticed Grinder
  3736 | D:4      | Paralysed by Grinder for 5 turns
  3739 | D:4      | Killed Grinder
  3740 | D:4      | Reached skill level 5 in Maces & Flails
  3740 | D:4      | Reached XP level 8. HP: 80/83 MP: 8/8
  4027 | D:5      | Entered Level 5 of the Dungeon
  4047 | D:5      | Found a staircase to the Ecumenical Temple.
  4092 | Temple   | Entered the Ecumenical Temple
  4247 | Temple   | Became a worshipper of Hepliaklqana the Forgotten
  4501 | D:5      | Noticed Edmund
  4515 | D:5      | Killed Edmund
  4522 | D:5      | Found Zajido's Armour Emporium.
  4723 | D:5      | Noticed Pikel
  4760 | D:5      | Killed Pikel
  4761 | D:5      | Reached skill level 6 in Maces & Flails
  4761 | D:5      | Reached XP level 9. HP: 37/83 MP: 9/9
  4991 | D:5      | Found an ancient bone altar of Kikubaaqudgha.
  5082 | D:5      | Found a glowing golden altar of the Shining One.
  5368 | D:5      | Noticed Menkaure
  5391 | D:5      | Killed Menkaure
  5510 | D:5      | Found a shimmering altar of Xom.
  5512 | D:5      | Noticed an angel
  5516 | D:5      | Found a glowing silver altar of Zin.
  5796 | D:6      | Found a shadowy altar of Dithmenos.
  5868 | D:6      | Reached skill level 7 in Maces & Flails
  5872 | D:6      | Reached skill level 5 in Armour
  6579 | D:6      | Noticed Eustachio
  6594 | D:6      | Killed Eustachio
  6862 | D:6      | Identified Oxkyipn's Handbook of the Cankerous Birds
  6975 | D:7      | Reached * piety under Hepliaklqana
  7060 | D:7      | Noticed Joseph
  7071 | D:7      | Killed Joseph
  7072 | D:7      | Reached skill level 8 in Maces & Flails
  7072 | D:7      | Reached XP level 10. HP: 51/95 MP: 10/10
  7464 | D:7      | Reached skill level 1 in Invocations
  8298 | D:8      | Found a staircase to the Lair.
  8814 | D:8      | Got a transparent robe
  8815 | D:8      | Identified the +1 robe of the Poles {rN+ Dex+2} (You found
                  | it on level 8 of the Dungeon)
  8928 | D:8      | Found a shimmering blue altar of Sif Muna.
  8988 | D:8      | Found a stormy altar of Qazlal.
  9660 | D:9      | Reached ** piety under Hepliaklqana
  9661 | D:9      | Remembered your ancestor Mr. Johnson as a battlemage
  9712 | D:9      | Found a sacrificial altar of Ru.
  9725 | D:9      | Reached skill level 9 in Maces & Flails
  9979 | D:9      | Found a staircase to the Orcish Mines.
 10317 | D:9      | You fall into a shaft and drop 3 floors!
 10323 | D:11     | Identified a scroll of acquirement
 10324 | D:11     | Acquired a manual of Maces & Flails
 10512 | D:11     | Noticed a red ugly thing
 10515 | D:11     | Reached skill level 5 in Invocations
 10525 | D:11     | Noticed a purple ugly thing
 10572 | D:11     | Reached skill level 10 in Fighting
 10581 | D:10     | Entered Level 10 of the Dungeon
 10900 | D:10     | Reached skill level 10 in Maces & Flails
 10900 | D:10     | Reached XP level 11. HP: 54/106 MP: 12/15
 10993 | D:10     | Noticed a wizard
 11002 | D:10     | Killed a wizard
 11455 | D:9      | Found a burning altar of Makhleb.
 11767 | D:10     | Found Zus Zasch's Antique Armour Boutique.
 11855 | D:10     | Reached *** piety under Hepliaklqana
 11866 | D:10     | Noticed a two-headed ogre
 11878 | D:10     | Killed a two-headed ogre
 12493 | Lair:1   | Entered Level 1 of the Lair of Beasts
 12506 | Lair:1   | Reached skill level 11 in Maces & Flails
 12987 | Lair:1   | Found a dark tunnel.
 12998 | Volcano  | Entered a volcano
 13014 | Volcano  | Noticed an ogre mage
 13023 | Volcano  | Killed an ogre mage
 13027 | Volcano  | Found a burning altar of Makhleb.
 13029 | Volcano  | Noticed a two-headed ogre
 13035 | Volcano  | Noticed a two-headed ogre
 13036 | Volcano  | Killed a two-headed ogre
 13039 | Volcano  | Killed a two-headed ogre
 13040 | Volcano  | Reached skill level 12 in Maces & Flails
 13117 | Volcano  | Noticed a two-headed ogre
 13124 | Volcano  | Killed a two-headed ogre
 13170 | Volcano  | Noticed a hell knight
 13181 | Volcano  | Noticed a two-headed ogre
 13181 | Volcano  | Noticed a two-headed ogre
 13181 | Volcano  | Noticed a two-headed ogre
 13211 | Volcano  | Killed a two-headed ogre
 13226 | Volcano  | Killed a hell knight
 13227 | Volcano  | Reached XP level 12. HP: 29/117 MP: 18/18
 13229 | Volcano  | Killed a two-headed ogre
 13610 | Volcano  | Killed a two-headed ogre
 13868 | Lair:1   | You fall into a shaft and drop 1 floor!
 13996 | Lair:1   | Reached skill level 13 in Maces & Flails
 14005 | Lair:1   | Slain by a black mamba

Illustrated notes

Levels and vault maps discovered:
D:1:      onia_arrival_handbag, layout_basic
D:2:      layout_basic, uniq_sigmund, uniq_jessica
D:3:      layout_rooms, minmay_three_crescents, uniq_natasha, uniq_ijyb,
          uniq_crazy_yiuf_cottage, uniq_robin
D:4:      layout_basic, minmay_manual_moon, uniq_grinder
D:5:      layout_basic, grunt_temple_overflow_order_and_chaos_1,
          nicolae_overflow_crystal_walls, tso_metal_star, temple_fountains,
          serial_shops, shop_coins, uniq_menkaure, uniq_edmund, uniq_pikel
D:6:      cheibrodos_iron_armory, layout_cave_pools, grunt_dithmenos_smoke,
          uniq_eustachio
D:7:      layout_basic, uniq_joseph
D:8:      layout_basic, lemuel_crystal_altar, tgw_sif, lair_entry_dummy
D:9:      layout_basic, nicolae_ru_sacrificial_ziggurat, lightli_temple_of_fire,
          orc_0_dummy, kennysheep_dice
D:10:     kennysheep_six_static_rooms, layout_basic, serial_shops,
          nicolae_shop_overgrown_old_shop
D:11:     layout_irregular_city
D:12:     layout_rooms, enter_trove_6, minmay_diamond_spiral
Temple:   dshaligram_water_room_temple
Lair:1:   layout_small_grid, nicolae_volcano_entry_lava_flow
Lair:2:   layout_regular_city, uniq_nergalle

Skill      XL: |  1  2  3  4  5  6  7  8  9 10 11 12 |
---------------+-------------------------------------+-----
Fighting       | 3 4 5 6 7 8 10 11 | 11.8
Dodging        | 2 3 |  3.5
Maces & Flails | 1 3 4 5 6 8 10 12 13 | 13.0
Armour         | 2 4 6 |  6.2
Invocations    | 5 9 |  9.5
Throwing       | |  4.2
Stealth        | |  0.6

Action                   |  1- 3 |  4- 6 |  7- 9 | 10-12 || total
-------------------------+-------+-------+-------+-------++-------
Melee: Short sword       |    12 |       |       |       ||    12
       Spear             |    90 |   176 |    97 |       ||   363
       Flail             |       |       |    21 |       ||    21
       Giant spiked club |       |       |   124 |   228 ||   352
       Giant club        |       |       |       |     7 ||     7
Throw: Large rock        |       |     6 |     8 |     5 ||    19
       Dart              |       |       |     2 |    24 ||    26
       Throwing net      |       |       |       |     2 ||     2
Invok: Ancestor Identity |       |       |     2 |       ||     2
       Recall Ancestor   |       |       |       |     1 ||     1
       Ancestor Life: Ba |       |       |       |     1 ||     1
Evoke: Wand              |       |     4 |       |     1 ||     5
  Use: Potion            |       |     8 |       |     9 ||    17
       Scroll            |       |     1 |    17 |    12 ||    30
 Stab: Sleeping          |     5 |     4 |     1 |     1 ||    11
       Distracted        |       |       |     2 |     5 ||     7
       Held in net/web   |       |       |       |     1 ||     1
Armor: Robe              |    21 |    69 |   122 |   119 ||   331
       Pearl dragon scal |       |       |    27 |       ||    27
       Skin              |       |       |       |    37 ||    37
Dodge: Dodged            |    39 |    95 |   168 |   154 ||   456
